 Dungeon Crawl Stone Soup version 0.19-a0-291-ga637243 (webtiles) character file.

667120 Gorice the Demonic Blade (level 27, -5/269 HPs)
             Began as a Demonspawn Warper on May 2, 2016.
             Was the Champion of Okawaru.
             Killed from afar by a black draconian knight (29 damage)
             ... with a shard of ice
             ... on level 2 of the Realm of Zot on May 27, 2016.
             The game lasted 10:11:29 (97960 turns).

Gorice the Demonic Blade (Demonspawn Warper)       Turns: 97960, Time: 10:11:30

Health: -5/269     AC: 52    Str: 20    XL:     27
Magic:  36/37      EV: 14    Int: 31    God:    Okawaru [******]
Gold:   8525       SH:  0    Dex: 15    Spells: 11 memorised, 13 levels left

rFire  . . .     SeeInvis +     a - +9 triple sword (freeze)
rCold  + . .     Gourm    .     U - +9 chain mail of Loss {MR++ Str-2 Int+3}
rNeg   + . .     Faith    +     (shield currently unavailable)
rPois  +         Spirit   .     (helmet unavailable)
rElec  .         Dismiss  .     E - +2 cloak {+Inv}
rCorr  +         Reflect  .     h - +4 pair of gloves of Okawaru's Envy {rPois Str+4 Int+9}
SustAt .         Harm     .     f - +2 pair of boots {run}
MR     ++++.                    D - amulet of Uclel {Faith rN+ Slay+3}
Stlth  ..........               V - ring of resist corrosion
                                K - +2 ring of slaying

@: repel missiles, quick, incredibly resistant to hostile enchantments,
extremely unstealthy
A: antennae 3, slimy green scales 3, blurry vision 1, cold resistance 1, foul
stench 2, icemail, robust 3, rot immunity, freezing cloud immunity, MP-powered
wands
a: Heroism, Finesse, Renounce Religion, Evoke Invisibility
}: 4/15 runes: decaying, slimy, silver, gossamer


You were on level 2 of the Realm of Zot.
You worshipped Okawaru.
Okawaru was exalted by your worship.
You were not hungry.

You visited 12 branches of the dungeon, and saw 58 of its levels.
You visited the Abyss 1 time.
You also visited: Labyrinth, Ossuary, Bailey, Ice Cave, Volcano and Wizlab.

You collected 11644 gold pieces.
You spent 3119 gold pieces at shops.

Inventory:

Hand Weapons
 a - a +9 triple sword of freezing (weapon)
   (You found it on level 12 of the Dungeon)
 i - a +0 great sword of flaming
   (Okawaru gifted it to you on level 1 of the Realm of Zot)
 B - a +8 blowgun
Missiles
 b - 3 needles of sleeping
 j - 14 curare-tipped needles
 G - 9 javelins (quivered)
 Y - 8 throwing nets
Armour
 f - a +2 pair of boots of running (worn)
   (Okawaru gifted it to you on level 4 of the Spider Nest)
 h - the +4 pair of gloves of Okawaru's Envy (worn) {rPois Str+4 Int+9}
   (Okawaru gifted it to you on level 2 of the Spider Nest)

   It affects your strength (+4).
   It affects your intelligence (+9).
   It protects you from poison.
 E - a +2 cloak of invisibility (worn)
   (Okawaru gifted it to you on level 2 of the Crypt)
 U - the +9 chain mail of Loss (worn) {MR++ Str-2 Int+3}
   (Okawaru gifted it to you on level 3 of the Elven Halls)

   It affects your strength (-2).
   It affects your intelligence (+3).
   It affects your resistance to hostile enchantments.
Rods
 C - a +4 rod of clouds (13/13) {!a}
   (You found it on level 12 of the Dungeon)
 X - a +4 rod of shadows (11/11) {!a}
   (You took it off a deep elf annihilator on level 3 of the Elven Halls)
Jewellery
 q - an uncursed ring of protection from magic
 u - an uncursed ring of protection from fire
 x - an uncursed ring of protection from fire
 D - the amulet of Uclel (around neck) {Faith rN+ Slay+3}
   (You found it on level 8 of the Lair of Beasts)

   [amulet of faith]

   It allows you to gain divine favour quickly.
   It affects your accuracy and damage with ranged weapons and melee attacks
   (+3).
   It protects you from negative energy.
 K - a +2 ring of slaying (left hand)
 V - a ring of resist corrosion (right hand)
 W - a +3 ring of protection
Wands
 e - a wand of paralysis (2/24)
 s - a wand of digging (8/24)
 I - a wand of disintegration (15/24)
Scrolls
 d - 7 scrolls of blinking
 k - 17 scrolls of teleportation {!r}
 n - 2 scrolls of fear {!r}
 p - 3 scrolls of fog
 r - 13 scrolls of identify
 t - 3 scrolls of magic mapping {!r}
 L - 9 scrolls of remove curse
 Q - 3 scrolls of summoning {!r}
Potions
 l - 15 potions of curing
 y - 5 potions of cancellation {!q}
 A - 7 potions of haste {!q}
 F - 5 potions of resistance {!q}
 H - 2 potions of heal wounds {!q}
 O - 7 potions of agility {!q}
 R - 14 potions of might {!q}
Books
 m - a book of the Earth
Miscellaneous
 c - a sack of spiders
 T - a lamp of fire
Comestibles
 g - 9 chunks of flesh
 P - 24 meat rations {!e}
 S - 50 fruits


   Skills:
 - Level 15.0 Fighting
 - Level 24.0 Long Blades
 - Level 10.0 Throwing
 * Level 21.2 Armour
 - Level 10.0 Dodging
 - Level 1.7 Stealth
 - Level 10.0 Spellcasting
 - Level 7.0 Charms
 - Level 5.1 Summonings
 - Level 8.0 Necromancy
 - Level 18.3 Translocations
 - Level 11.0 Air Magic
 - Level 8.4 Invocations
 - Level 10.0 Evocations


You had 13 spell levels left.
You knew the following spells:

 Your Spells              Type           Power        Failure   Level  Hunger
a - Airstrike             Air            ######....   1%          4    None
b - Dispel Undead         Necr           ######..     14%         5    ###....
d - Dispersal             Tloc           #######...   1%          6    #####..
p - Portal Projectile     Tloc           ######       1%          3    None
A - Apportation           Tloc           #######...   0%          1    None
B - Summon Butterflies    Summ           #####...     1%          1    None
G - Passage of Golubria   Tloc           N/A          1%          4    None
J - Blink                 Tloc           N/A          0%          2    None
M - Repel Missiles        Chrm/Air       ######       1%          2    None
R - Regeneration          Chrm/Necr      ######....   1%          3    None
S - Swiftness             Chrm/Air       ######..     1%          2    None


Dungeon Overview and Level Annotations

Branches:
Dungeon (15/15)            Temple (1/1) D:4            Lair (8/8) D:9
  Swamp (4/4) Lair:5       Spider (4/4) Lair:4        Slime (6/6) Lair:6
    Orc (2/2) D:12            Elf (3/3) Orc:2        Vaults (5/5) D:14
  Crypt (3/3) Vaults:2       Tomb (0/3) Crypt:3      Depths (5/5) D:15
    Zot (2/5) Depths:5

Altars:
Ashenzari
Cheibriados
Dithmenos
Elyvilon
Fedhas
Gozag
Kikubaaqudgha
Makhleb
Nemelex Xobeh
Okawaru
Pakellas
Qazlal
Ru
Sif Muna
Trog
Vehumet
Xom
Yredelemnul
Zin
The Shining One
Beogh
Jiyva
Lugonu

Shops:
D:6 !   D:7 ?   D:14 **(   Orc:2 [(([   Elf:2 [   Elf:3 [   Vaults:3 !
Vaults:5 ?=:=*%?%

Portals:
Hell: Depths:1 Depths:2 Depths:3 Depths:4 Depths:5
Abyss: Depths:1 Depths:3 Depths:4
Pandemonium: Depths:1 Depths:3 Depths:5
Ziggurat: Depths:2

Annotations:
Lair:1 vpUX: oklob...


Innate Abilities, Weirdness & Mutations

You have a pair of large antennae on your head. (SInv)
You are completely covered in slimy green scales. (AC +4, rPois)
Your flesh is cold resistant. (rC+)
You frequently emit foul miasma when damaged in melee.
A meltable icy envelope protects you from harm (AC +10).
You are extremely robust. (+30% HP)
You are immune to rotting.
You are immune to freezing clouds.
Scrolls take you a little longer to read.
You expend magic power (3 MP) to strengthen your wands.


Message History

* * * LOW HITPOINT WARNING * * *
The green draconian knight is engulfed in dark miasma.
The green draconian knight seems to slow down.
The green draconian knight barely misses you.
The green draconian knight tail-slaps you but does no damage.
The black draconian barely misses you.
Damage: 18 (max 34)
You slice the green draconian knight!!
The green draconian knight seems to slow down.
You freeze the green draconian knight.
You kill the green draconian knight!
Okawaru accepts your kill.
You feel like a meek peon again.
The black draconian knight casts a spell at you.
The shard of ice hits you! You partially resist.
* * * LOW HITPOINT WARNING * * *
The purple draconian hits you but does no damage.
Damage: 11 (max 34) Unknown command.
Unknown command.
Unknown command.
Casting: Repel Missiles
Confirm with . or Enter, or press ? or * to list all spells.
You blink.
Unknown command.
The black draconian breathes lightning at you.
The bolt of lightning hits you! x2
* * * LOW HITPOINT WARNING * * *
Damage: 6 (max 34) Unknown command.
The purple draconian breathes dispelling energy at you.
The bolt of dispelling energy misses you.
Things that are here:
a javelin; a moth of wrath corpse The black draconian knight gestures wildly while chanting.
The black draconian knight seems to speed up.
Unknown command.
There is an open door here.
Which direction?
Unknown command.
Unknown command.
Unknown command.
Drink which item? (? for menu, Esc to quit)
You feel better.
The black draconian knight hits you but does no damage.
You closely miss the black draconian knight.
The black draconian knight is severely wounded.
The black draconian knight points at you and mumbles some strange words.
The shard of ice hits you! You partially resist.
You die...

.....#.....)'........
.....#.....)###.##..#+########
######.....)# #.# #..........#
#####......)###.###.........#
....+.......'.....#.........#
#######'#######.#.#........# #
#.......# #.#.#........# #
#.♣♣♣♣♣.# #.#.'d......#
#####.♣ ♣.###.@q#.......#
....'[♣ ♣.'.....###...###
#####.♣ ♣.#######...{{..# #.♣
♣.# #.8(.d..# { #.♣♣♣♣♣.#
#......## #.......# #...d..# {
#####'### #......# #.#
#......# #.# #####..#


You could see a black draconian knight (invisible) and a black draconian.

Vanquished Creatures
  Dissolution (Slime:3)
  An orb of fire (Zot:1)
  Mennas (Vaults:2)
  A juggernaut (Depths:3)
  2 ancient liches
  Sojobo (Crypt:2)
  Mara (Vaults:3)
  Boris (twice) (Crypt:2 Vaults:5)
  The ghost of Karasique the Acrobat, a veteran MfMo of Zin (Depths:5)
  Saint Roka (Vaults:3)
  Norris (Vaults:3)
  A caustic shrike (Depths:4)
  Jory (Crypt:2)
  Nikola (Spider:4)
  5 golden dragons
  A bone dragon (Depths:5)
  Xtahua (Vaults:3)
  Jorgrun (Crypt:2)
  Arachne (Spider:2)
  An electric golem (Zot:1)
  9 tentacled monstrosities
  A moon troll (WizLab)
  8 liches
  5 titans
  Asterion (Depths:1)
  2 quicksilver dragons
  3 deep elf blademasters
  3 death cobs
  2 deep elf master archers (Elf:3)
  7 sphinxes
  6 tentacled starspawn (WizLab)
  The ghost of simok the Black Belt, an adept DsMo of Ru (Swamp:4)
  Gastronok (Lair:1)
  12 acid blobs
  4 tengu reavers
  6 ancient champions
  The ghost of Folque01 the Peltast, an adept MiFi of Qazlal (Orc:2)
  4 thorn hunters
  12 shadow dragons
  7 storm dragons
  3 draconian monks
  Roxanne (Elf:1)
  A revenant (Crypt:3)
  3 azure jellies
  5 fire giants
  3 ghost moths (Spider:4)
  12 deep elf sorcerers
  5 draconian scorchers
  2 draconian knights
  15 frost giants
  An iron dragon (Depths:5)
  A caustic shrike zombie (Depths:4)
  A deep elf elementalist (Elf:3)
  2 draconian zealots (Zot:1)
  Donald (Crypt:2)
  18 vault wardens
  A cacodemon (WizLab)
  A juggernaut zombie (Depths:4)
  2 draconian shifters
  An orc warlord (Orc:2)
  Louise (D:15)
  5 curse skulls
  A war gargoyle (WizLab)
  20 ironheart preservers
  13 ghouls
  The ghost of simok the Severer, a journeyman MiMo of Yredelemnul (Lair:8)
  3 draconian annihilators
  A caustic shrike skeleton (D:15)
  8 emperor scorpions
  14 very ugly things
  3 spriggan defenders
  17 stone giants
  7 vampire knights
  Nessos (D:15)
  5 deep elf demonologists
  4 green draconians
  A salamander stormcaller (Vaults:5)
  A draconian caller (Zot:2)
  2 juggernaut skeletons (Depths:4)
  2 yellow draconians (Zot:1)
  7 deep elf annihilators
  6 purple draconians
  2 spectral titans (Crypt:3)
  5 black draconians
  A red draconian (Depths:5)
  2 white draconians
  3 mottled draconians
  20 ettins
  10 eidola
  10 spark wasps
  7 death oozes
  11 jiangshi
  17 great orbs of eyes
  8 deep elf high priests
  A spectral golden dragon (Crypt:3)
  A spectral quicksilver dragon (Crypt:3)
  A minotaur (Lab)
  2 crystal guardians (WizLab)
  12 deep elf death magi
  A quicksilver dragon zombie (Depths:4)
  10 ogre magi
  13 fire dragons
  28 hydras
  17 yaktaur captains
  35 vault guards
  2 rakshasas
  2 spectral shadow dragons (Crypt:3)
  An entropy weaver (shapeshifter) (Vaults:5)
  2 spectral fire giants (Crypt:3)
  A catoblepas (Lair:8)
  7 entropy weavers
  13 ice dragons
  3 ghost crabs
  A spectral stone giant (Crypt:3)
  An anaconda (Swamp:3)
  2 death knights
  22 centaur warriors
  8 deep troll shamans
  24 dancing weapons
  4 spectral frost giants (Crypt:3)
  7 death yaks
  A titan zombie (Crypt:1)
  9 deep troll earth magi
  4 tengu warriors
  A queen ant (Spider:3)
  7 alligators
  3 orc high priests (Orc:2)
  A spectral dire elephant (Crypt:3)
  6 vampire magi
  A spriggan berserker (Depths:5)
  2 soul eaters
  A small abomination (Depths:4)
  Sonja (Lair:1)
  2 hell hogs (Depths:1)
  36 deep elf knights
  10 iron trolls
  A sun demon (Depths:3)
  10 shadow wraiths
  3 fire crabs (Vaults:2)
  36 skeletal warriors
  A spectral anaconda (Crypt:3)
  A salamander mystic (Vaults:5)
  A spark wasp zombie (Depths:4)
  2 titan skeletons
  9 swamp dragons
  3 unseen horrors
  The ghost of Mefis the Sneak, a novice HuWz of Sif Muna (D:5)
  33 deep trolls
  A golden dragon zombie (Depths:4)
  12 flayed ghosts
  2 spriggan druids
  A torturous demonspawn (Depths:3)
  2 shadow dragon zombies
  2 spectral iron dragons (Crypt:3)
  5 shambling mangroves
  2 golden dragon skeletons (Depths:4)
  An anaconda zombie (Crypt:2)
  14 hill giants
  A wolf spider zombie (D:11)
  A tengu zombie (Vaults:4)
  11 giant orange brains
  12 orc knights
  10 necromancers
  10 phantasmal warriors
  9 ironbrand convokers
  A lindwurm (Lair:8)
  23 deep elf archers
  18 orb spiders
  42 wolf spiders
  6 oklob plants (Lair:1)
  An anubis guard (shapeshifter) (Vaults:5)
  22 ugly things
  A spectral wolf spider (Crypt:3)
  15 hornets
  2 spectral fire dragons (Crypt:3)
  A tengu skeleton (Vaults:3)
  A fire giant zombie (Crypt:1)
  A hornet (shapeshifter) (Depths:5)
  2 manticores (D:14)
  A stone giant zombie (Crypt:1)
  3 wizards
  7 griffons
  3 spectral ice dragons (Crypt:3)
  4 cyclopes
  A sixfirhy (Depths:3)
  2 orc sorcerers (Orc:2)
  4 shining eyes (Slime:6)
  A salamander (shapeshifter) (Vaults:3)
  85 deep elf magi
  4 salamanders
  A sphinx skeleton (Depths:4)
  2 stone giant skeletons
  2 octopodes (shapeshifter)
  16 vault sentinels
  14 elephants
  12 moths of wrath
  10 black mambas
  5 centaur zombies
  2 frost giant skeletons
  An ice statue (IceCv)
  Maurice (D:8)
  An apis skeleton (Crypt:1)
  A rust devil (Depths:3)
  2 titan simulacra
  2 fire giant skeletons (D:15)
  A smoke demon (Depths:3)
  3 torpor snails
  3 molten gargoyles (Depths:2)
  11 eyes of devastation
  2 gargoyles
  A hellion (Depths:3)
  17 spiny frogs
  6 rime drakes
  An elephant slug zombie (Crypt:2)
  2 redback zombies
  A dire elephant skeleton (Crypt:1)
  A swamp worm zombie (Crypt:1)
  2 sea snake zombies
  A rime drake (shapeshifter) (Vaults:4)
  A kobold demonologist (D:15)
  56 yaktaurs
  13 demonic crawlers
  13 freezing wraiths
  9 komodo dragons
  A merfolk (D:9)
  2 tengu conjurers
  A yellow draconian skeleton (Crypt:1)
  14 human skeletons
  2 yaktaur skeletons
  A red devil (Depths:3)
  15 polar bears
  5 trolls
  27 jumping spiders
  4 green draconian skeletons
  3 wind drakes (Depths:2)
  A queen bee (shapeshifter) (Vaults:2)
  22 two-headed ogres
  5 guardian mummies (Crypt:3)
  A blink frog (shapeshifter) (Vaults:1)
  A shadow dragon simulacrum (Crypt:3)
  7 boulder beetles
  4 giant leeches
  The ghost of Qrupt the Shooter, an amateur HuWn (D:4)
  26 blink frogs
  2 spriggan zombies
  A minotaur skeleton (Lab)
  50 slime creatures
  An alligator zombie (Crypt:2)
  2 frost giant simulacra
  A spectral manticore (Crypt:3)
  10 bog bodies
  A fire dragon zombie (Depths:1)
  2 redbacks (shapeshifter)
  A fire giant simulacrum (Vaults:4)
  A fire dragon skeleton (Depths:1)
  A tarantella (shapeshifter) (Vaults:1)
  9 flying skulls (Crypt:2)
  7 shadows
  33 tarantellas
  A centaur simulacrum (D:15)
  15 wraiths
  76 redbacks
  13 wyverns
  A vampire (D:14)
  2 ettin skeletons
  2 fire bats (Volcano)
  10 water elementals
  3 air elementals
  A hog (shapeshifter) (Vaults:2)
  13 spriggans
  42 yaks
  A basilisk (Lair:7)
  7 fire elementals
  An ice dragon skeleton (Crypt:3)
  A hog (Volcano)
  7 hungry ghosts
  12 hippogriffs
  2 neqoxecs (WizLab)
  49 vampire mosquitoes
  An elf skeleton (Depths:4)
  2 mottled dragons
  13 insubstantial wisps
  16 swamp worms
  5 wargs
  29 soldier ants
  A glowing shapeshifter zombie (Crypt:2)
  A hell hound (shapeshifter) (Elf:1)
  9 porcupines
  25 water moccasins
  A giant eyeball (Depths:4)
  8 hell hounds
  12 swamp drakes
  11 ice beasts
  A snapping turtle zombie (Crypt:2)
  4 human zombies
  66 orc warriors
  2 black bears
  An ettin simulacrum (Vaults:3)
  A manticore zombie (Crypt:3)
  2 phantoms
  5 sky beasts
  46 ogres
  A spiny frog skeleton (Crypt:3)
  2 fire dragon simulacra (Crypt:3)
  2 necrophages
  34 wolves
  4 eyes of draining
  15 wasps
  An elephant zombie (Crypt:3)
  10 boggarts
  28 centaurs
  11 crocodiles
  3 elf zombies
  A snapping turtle skeleton (Crypt:2)
  2 big kobolds
  17 giant frogs
  10 gnoll sergeants
  A giant frog (shapeshifter) (Vaults:3)
  7 earth elementals
  A wyvern skeleton (Crypt:2)
  9 scorpions
  26 killer bees
  A polar bear zombie (Crypt:1)
  A killer bee (shapeshifter) (Vaults:5)
  A snapping turtle simulacrum (Crypt:1)
  20 wights
  5 electric eels
  2 howler monkeys (D:8)
  A raiju skeleton (Crypt:1)
  A spriggan skeleton (Lab)
  8 crimson imps
  19 jellies
  2 lava snakes
  18 starcursed masses (WizLab)
  2 human simulacra
  10 hounds
  6 gnoll shamans (Bailey)
  24 orc priests
  36 orc wizards
  Crazy Yiuf (D:3)
  4 centaur skeletons
  A demonspawn skeleton (Crypt:1)
  15 iguanas
  Natasha (thrice) (D:3)
  30 worker ants
  Ijyb (D:2)
  17 sheep
  2 killer bee zombies
  A crocodile skeleton (Crypt:3)
  A deep dwarf skeleton (Crypt:3)
  A hound zombie (D:5)
  A hound skeleton (D:10)
  10 mummies
  A gnoll (shapeshifter) (Vaults:5)
  2 howler monkey skeletons
  13 adders
  22 gnolls
  55 river rats
  3 shadow imps
  An ufetubus (Depths:1)
  An adder skeleton (D:7)
  6 worms
  2 dart slugs
  6 giant geckos
  153 orcs
  17 bats
  A bat skeleton (Crypt:2)
  5 giant cockroaches
  15 goblins
  12 hobgoblins
  3 jackals (D:6)
  5 quokkas
  8 ball pythons
  A ball python skeleton (Crypt:3)
  A giant gecko skeleton (D:6)
  2 giant gecko zombies (D:6)
  7 giant newts
  A giant newt skeleton (Crypt:2)
  2 gnoll zombies (Ossuary)
  3 goblin skeletons (D:6)
  5 goblin zombies
  6 hobgoblin zombies
  21 kobolds
  2 kobold skeletons
  3 kobold zombies
  An orc zombie (Ossuary)
  17 rats
  A spectral kobold (Crypt:3)
  A briar patch (Swamp:4)
  A crawling corpse (Depths:4)
  2 fire vortices (Depths:2)
  3 fungi
  3 plants
  2 starspawn tentacles (WizLab)
3021 creatures vanquished.

Vanquished Creatures (collateral kills)
  the Royal Jelly (Slime:6)
1 creature vanquished.

Vanquished Creatures (others)
  A fire giant (Depths:4)
  A salamander stormcaller (Vaults:5)
  2 dancing weapons
  2 deep elf knights (Elf:2)
  A two-headed ogre (Depths:3)
  2 air elementals (Depths:2)
  A shadow (Crypt:3)
  A tarantella (Spider:1)
  An ogre (Depths:3)
  2 orc warriors
  A boggart (Vaults:3)
  A giant frog (Lair:6)
  An orc priest (Vaults:2)
  An orc (Vaults:2)
  3 briar patches (Swamp:4)
  A fire vortex (Depths:2)
  35 fungi
  6 lost souls
  21 plants
  18 starspawn tentacles (WizLab)
  63 starspawn tentacle segments (WizLab)
  16 withered plants (Crypt:2)
181 creatures vanquished.

Grand Total: 3203 creatures vanquished

Notes
Turn   | Place    | Note
--------------------------------------------------------------
     0 | D:1      | Gorice the Demonspawn Warper began the quest for the Orb.
     0 | D:1      | Reached XP level 1. HP: 16/16 MP: 3/3
    46 | D:1      | Reached skill level 2 in Long Blades
   442 | D:1      | Gained mutation: You have a pair of small antennae on your head. [demonic ancestry]
   442 | D:1      | Reached XP level 2. HP: 22/22 MP: 5/5
   904 | D:1      | Reached skill level 3 in Long Blades
  1302 | D:1      | Reached XP level 3. HP: 21/27 MP: 6/6
  1503 | D:1      | Learned a level 2 spell: Blink
  1671 | D:2      | HP: 7/27 [worm (6)]
  1693 | D:2      | HP: 5/27 [worm (4)]
  2108 | D:2      | Noticed Ijyb
  2138 | D:2      | Killed Ijyb
  2138 | D:2      | Reached skill level 4 in Long Blades
  2138 | D:2      | Gained mutation: Your flesh is cold resistant. (rC+) [demonic ancestry]
  2138 | D:2      | Reached XP level 4. HP: 24/33 MP: 7/7
  2142 | D:2      | Found an oddly glowing altar of Pakellas.
  3251 | D:3      | Found a shadowy altar of Dithmenos.
  3251 | D:3      | Found a shimmering altar of Xom.
  3255 | D:3      | Noticed Natasha
  3266 | D:3      | Killed Natasha
  3266 | D:3      | Reached XP level 5. HP: 20/38 MP: 8/8
  3272 | D:3      | Found a deep blue altar of Sif Muna.
  3541 | D:3      | Reached skill level 5 in Long Blades
  3751 | D:3      | Noticed Natasha
  3767 | D:3      | Killed Natasha
  3794 | D:3      | Noticed Natasha
  3803 | D:3      | Killed Natasha
  4030 | D:3      | Noticed Crazy Yiuf
  4068 | D:3      | Killed Crazy Yiuf
  4259 | D:4      | Gained mutation: You are partially covered in slimy green scales. (AC +2) [demonic ancestry]
  4259 | D:4      | Reached XP level 6. HP: 29/44 MP: 9/9
  4337 | D:4      | Reached skill level 6 in Long Blades
  4352 | D:4      | Noticed Qrupt's ghost (amateur HuWn)
  4676 | D:3      | HP: 9/44 [orc/falchion (6)]
  5043 | D:4      | Found a white marble altar of Elyvilon.
  5457 | D:4      | Found a glowing golden altar of the Shining One.
  5475 | D:4      | Reached skill level 7 in Long Blades
  5475 | D:4      | Gained mutation: You are mostly covered in slimy green scales. (AC +3) [demonic ancestry]
  5475 | D:4      | Reached XP level 7. HP: 39/50 MP: 10/10
  5959 | D:4      | Found a staircase to the Ecumenical Temple.
  5971 | Temple   | Entered the Ecumenical Temple
  5978 | Temple   | Became a worshipper of Warmaster Okawaru
  6355 | D:5      | Entered Level 5 of the Dungeon
  6584 | D:5      | Found a sand-covered staircase.
  6607 | Ossuary  | Entered an ossuary
  6607 | Ossuary  | Noticed a wraith
  6607 | Ossuary  | Noticed a wraith
  6607 | Ossuary  | Noticed a wraith
  7103 | Ossuary  | Noticed a wraith
  7129 | Ossuary  | HP: 8/50 [wraith (10)]
  7134 | Ossuary  | HP: 5/75 [wraith (1)]
  7135 | Ossuary  | Killed a wraith
  7135 | Ossuary  | Reached skill level 8 in Long Blades
  7645 | D:5      | Noticed Mefis's ghost (novice HuWz)
  7991 | D:5      | Killed Mefis's ghost
  7991 | D:5      | Reached * piety under Okawaru
  7991 | D:5      | Reached ** piety under Okawaru
  7991 | D:5      | Reached skill level 9 in Long Blades
  7991 | D:5      | Gained mutation: You are immune to rotting. [demonic ancestry]
  7991 | D:5      | Reached XP level 8. HP: 45/56 MP: 11/11
  8335 | D:6      | Reached skill level 10 in Long Blades
  8519 | D:6      | Found Naohishuac's Distillery.
  8533 | D:6      | Bought a potion of agility for 56 gold pieces
  8533 | D:6      | Bought a potion of heal wounds for 70 gold pieces
  8533 | D:6      | Bought a potion of mutation for 35 gold pieces
  8590 | D:6      | Found a sacrificial altar of Ru.
  8646 | D:6      | Found a glowing golden altar of the Shining One.
  8680 | D:6      | Reached skill level 1 in Armour
  9280 | D:6      | Reached skill level 2 in Armour
  9532 | D:7      | Gained mutation: You are immune to freezing clouds. [demonic ancestry]
  9532 | D:7      | Reached XP level 9. HP: 40/61 MP: 12/12
  9668 | D:7      | HP: 18/61 [poisoned by a scorpion]
  9673 | D:7      | HP: 16/61 [poisoned by a scorpion]
  9678 | D:7      | HP: 15/61 [poisoned by a scorpion]
  9686 | D:7      | HP: 15/61 [poisoned by a scorpion]
  9694 | D:7      | HP: 14/61 [poisoned by a scorpion]
 10106 | D:7      | Found Zieduhuz's Magic Scroll Shop.
 10122 | D:7      | Bought a scroll of remove curse for 36 gold pieces
 10375 | D:6      | Reached skill level 3 in Armour
 10824 | D:7      | Reached skill level 11 in Long Blades
 10941 | D:7      | Reached *** piety under Okawaru
 10984 | D:8      | Found a stormy altar of Qazlal.
 11024 | D:8      | Paralysed by a wasp for 3 turns
 11039 | D:8      | HP: 18/61 [poisoned by a wasp]
 11044 | D:8      | HP: 16/61 [poisoned by a wasp]
 11049 | D:8      | HP: 14/61 [poisoned by a wasp]
 11056 | D:8      | HP: 13/61 [poisoned by a wasp]
 11064 | D:8      | HP: 13/61 [poisoned by a wasp]
 11376 | D:8      | Reached skill level 4 in Armour
 11674 | D:8      | Noticed Maurice
 11970 | D:8      | Killed Maurice
 11970 | D:8      | Reached **** piety under Okawaru
 12025 | D:7      | Bought a scroll of identify for 24 gold pieces
 12025 | D:7      | Bought a scroll of identify for 24 gold pieces
 12094 | D:8      | Reached skill level 12 in Long Blades
 12094 | D:8      | Reached skill level 5 in Armour
 12114 | D:8      | Gained mutation: You have a pair of antennae on your head. [demonic ancestry]
 12114 | D:8      | Reached XP level 10. HP: 67/67 MP: 13/13
 12168 | D:8      | Found a snail-covered altar of Cheibriados.
 12452 | D:9      | Found a staircase to the Lair.
 12540 | D:8      | Reached skill level 1 in Invocations
 12550 | D:9      | HP: 16/67 [yak (8)]
 12567 | D:9      | Reached skill level 2 in Invocations
 12581 | D:9      | HP: 20/67 [water moccasin (2)]
 12587 | D:8      | HP: 14/67 [poisoned by a water moccasin]
 13091 | D:9      | Reached skill level 6 in Armour
 13442 | D:9      | Reached ***** piety under Okawaru
 13710 | D:9      | Found a basalt altar of Yredelemnul.
 13825 | D:9      | HP: 11/67 [ogre/giant spiked club (17)]
 14163 | D:9      | Reached skill level 7 in Armour
 14384 | D:7      | Bought a scroll of remove curse for 36 gold pieces
 14384 | D:7      | Bought a scroll of remove curse for 36 gold pieces
 14390 | D:7      | Bought a scroll of blinking for 90 gold pieces
 14438 | Lair:1   | Entered Level 1 of the Lair of Beasts
 14658 | Lair:1   | Found a shadowy altar of Dithmenos.
 14715 | Lair:1   | Noticed a spiny frog
 14734 | Lair:1   | Received a gift from Okawaru
 14734 | Lair:1   | Reached skill level 13 in Long Blades
 14754 | Lair:1   | Killed a spiny frog
 14759 | Lair:1   | Got a faintly glowing great sword {god gift}
 14760 | Lair:1   | Identified the +6 great sword "Habroq" {slice, *Corrode rPois Int+5} (Okawaru gifted it to you on level 1 of the Lair of Beasts)
 14797 | Lair:1   | Noticed Gastronok
 14813 | Lair:1   | Killed Gastronok
 14813 | Lair:1   | Received a gift from Okawaru
 14813 | Lair:1   | Reached skill level 8 in Armour
 14813 | Lair:1   | Gained mutation: You have a pair of large antennae on your head. (SInv) [demonic ancestry]
 14813 | Lair:1   | Reached XP level 11. HP: 60/72 MP: 12/14
 14815 | Lair:1   | --Ironic: Kill Gastro to get his runed hat
 14815 | Lair:1   | --and level up, antenna grow more so can't wear it!
 14878 | Lair:1   | Noticed Sonja
 14899 | Lair:1   | HP: 21/72 [poisoned by Sonja (curare-tipped needle)]
 14900 | Lair:1   | HP: 10/72 [Sonja/uncursed dagger of distortion (10)]
 14909 | Lair:1   | Killed Sonja
 15172 | Lair:1   | Noticed a seven-headed hydra
 15239 | Lair:1   | Noticed an oklob plant
 16018 | Lair:2   | Found a frozen archway.
 16054 | IceCv    | Entered an ice cave
 16232 | IceCv    | Reached skill level 9 in Armour
 16492 | IceCv    | Reached skill level 14 in Long Blades
 16876 | IceCv    | HP: 17/72 [yak (6)]
 16877 | IceCv    | HP: 8/72 [yak (9)]
 17377 | IceCv    | Noticed a death yak
 17377 | IceCv    | Noticed a death yak
 17391 | IceCv    | Reached skill level 10 in Armour
 17398 | IceCv    | Killed a death yak
 17398 | IceCv    | Gained mutation: You are robust. (+10% HP) [demonic ancestry]
 17398 | IceCv    | Reached XP level 12. HP: 36/85 MP: 13/15
 17403 | IceCv    | HP: 21/85 [death yak (8)]
 17408 | IceCv    | Killed a death yak
 17410 | IceCv    | HP: 7/85 [polar bear (12)]
 17421 | IceCv    | HP: 25/85 [polar bear (4)]
 17712 | IceCv    | Reached ****** piety under Okawaru
 17781 | IceCv    | Received a gift from Okawaru
 17824 | IceCv    | Noticed a frost giant
 17837 | IceCv    | HP: 22/85 [frost giant/battleaxe of freezing (15)]
 17852 | IceCv    | HP: 15/85 [frost giant/battleaxe of freezing (13)]
 17854 | IceCv    | Killed a frost giant
 18135 | IceCv    | Got a pair of fine boots
 18146 | IceCv    | Identified the +1 pair of boots of Eternity {*Confuse rElec Int+2 Dex+6} (You found it in an ice cave)
 18604 | Lair:2   | Reached skill level 15 in Long Blades
 18636 | Lair:2   | Reached skill level 11 in Armour
 18666 | Lair:2   | Reached skill level 3 in Invocations
 19132 | Lair:2   | Reached skill level 4 in Invocations
 19252 | Lair:2   | Received a gift from Okawaru
 19252 | Lair:2   | Reached skill level 5 in Invocations
 19253 | Lair:2   | Got a pair of jewelled gloves {god gift}
 19458 | Lair:2   | Identified the +1 pair of gloves "Sitoum" {Dex+5} (Okawaru gifted it to you on level 2 of the Lair of Beasts)
 19668 | Lair:3   | Noticed a four-headed hydra
 19686 | Lair:2   | HP: 14/85 [four-headed hydra (13)]
 19688 | Lair:2   | Killed a four-headed hydra
 19997 | Lair:2   | Reached skill level 6 in Invocations
 20929 | Lair:4   | Reached skill level 7 in Invocations
 21139 | Lair:4   | Gained mutation: You are completely covered in slimy green scales. (AC +4, rPois) [demonic ancestry]
 21139 | Lair:4   | Reached XP level 13. HP: 83/91 MP: 18/18
 21227 | Lair:4   | Got a heavily runed leather armour
 21245 | Lair:4   | Identified the +1 leather armour of Siovea {rCorr} (You found it on level 4 of the Lair of Beasts)
 21347 | Lair:4   | Found a hole to the Spider Nest.
 21356 | Lair:4   | Reached skill level 8 in Invocations
 22024 | Lair:5   | Found a staircase to the Swamp.
 22126 | Lair:5   | Reached skill level 3 in Fighting
 22179 | Lair:5   | HP: 28/94 [wyvern (6)]
 22402 | Lair:5   | Received a gift from Okawaru
 22403 | Lair:5   | Got a pair of translucent boots {god gift}
 22420 | Lair:5   | Identified the +0 pair of boots of Objectivity {rElec Str+7} (Okawaru gifted it to you on level 5 of the Lair of Beasts)
 22469 | Lair:5   | Reached skill level 16 in Long Blades
 22552 | Lair:5   | Reached skill level 4 in Fighting
 22955 | Lair:4   | Reached skill level 5 in Fighting
 23713 | Lair:5   | Reached skill level 6 in Fighting
 23722 | Lair:5   | HP: 29/102 [blink frog (4)]
 25484 | Lair:6   | Found a staircase to the Slime Pits.
 25582 | Lair:7   | Reached skill level 7 in Fighting
 25741 | Lair:7   | Received a gift from Okawaru
 26159 | Lair:7   | Reached XP level 14. HP: 71/113 MP: 20/20
 26463 | Lair:7   | Reached skill level 8 in Fighting
 27121 | Lair:8   | Entered Level 8 of the Lair of Beasts
 27267 | Lair:7   | Reached skill level 17 in Long Blades
 27552 | Lair:8   | Found a blossoming altar of Fedhas.
 27627 | Lair:8   | Noticed simok's ghost (journeyman MiMo)
 27858 | Lair:8   | Killed simok's ghost
 27889 | Lair:8   | Reached skill level 9 in Fighting
 28033 | Lair:8   | Received a gift from Okawaru
 28034 | Lair:8   | Got a crude hunting sling {god gift}
 28035 | Lair:8   | Identified the +1 hunting sling "Vunnanept" {venom, Dex+3} (Okawaru gifted it to you on level 8 of the Lair of Beasts)
 28954 | Lair:8   | Reached skill level 10 in Fighting
 29031 | Lair:8   | Got a wavering bone amulet
 29032 | Lair:8   | Identified the amulet of Uclel {Faith rN+ Slay+3} (You found it on level 8 of the Lair of Beasts)
 29040 | Lair:8   | Got a brightly glowing quarterstaff
 29041 | Lair:8   | Identified the cursed +0 quarterstaff "Tadel" {freeze, Dex+6} (You found it on level 8 of the Lair of Beasts)
 29373 | D:10     | Entered Level 10 of the Dungeon
 29474 | D:10     | Received a gift from Okawaru
 30027 | D:11     | Found a stormy altar of Qazlal.
 30113 | D:11     | Found a labyrinth entrance.
 30163 | Lab      | Entered a labyrinth
 30636 | D:7      | Bought a scroll of teleportation for 36 gold pieces
 30700 | D:6      | Bought a potion of haste for 140 gold pieces
 30700 | D:6      | Bought 2 potions of might for 112 gold pieces
 30700 | D:6      | Bought a potion of ambrosia for 112 gold pieces
 30700 | D:6      | Bought a potion of curing for 42 gold pieces
 32014 | D:12     | Reached skill level 18 in Long Blades
 32072 | D:12     | Identified a +4 rod of clouds (13/13) (You found it on level 12 of the Dungeon)
 32129 | D:12     | Reached skill level 2 in Dodging
 32165 | D:12     | Found a runed door.
 32296 | D:12     | Found a staircase to the Orcish Mines.
 32511 | D:12     | Gained mutation: A meltable icy envelope protects you from harm (AC +10). [demonic ancestry]
 32511 | D:12     | Reached XP level 15. HP: 81/128 MP: 21/21
 32512 | D:12     | --Hmm, as I raid the temple of Oka vault...
 32512 | D:12     | --could be a game changer...
 32718 | D:12     | Got a crude long sword {slice}
 32719 | D:12     | Identified the +3 long sword "Hiyl" {slice, rF+ rC+++ MR- Str+3} (You took it off an orc warrior on level 12 of the Dungeon)
 32742 | D:12     | Got an ancient triple sword {venom}
 32743 | D:12     | Identified the +1 triple sword "Hellblazer" {venom, Str+5 Dex+3} (You took it off an orc warrior on level 12 of the Dungeon)
 32806 | D:12     | Reached skill level 3 in Dodging
 32925 | D:12     | Found an iron altar of Okawaru.
 32942 | D:12     | Got a pair of transparent gloves
 32953 | D:12     | Identified the +4 pair of gloves of Cowardice {+Blink} (You found it on level 12 of the Dungeon)
 33343 | D:12     | Noticed a fire giant
 33350 | D:12     | Reached skill level 11 in Fighting
 33359 | D:12     | Killed a fire giant
 33359 | D:12     | Reached skill level 1 in Evocations
 33381 | D:12     | Received a gift from Okawaru
 33623 | D:12     | Reached skill level 4 in Dodging
 33679 | Orc:1    | Entered Level 1 of the Orcish Mines
 33688 | Orc:1    | Reached skill level 2 in Evocations
 33893 | Orc:2    | Entered Level 2 of the Orcish Mines
 34325 | Orc:2    | Noticed Folque01's ghost (adept MiFi)
 34354 | Orc:2    | Killed Folque01's ghost
 34358 | Orc:2    | Found a dark tunnel.
 34369 | Volcano  | Entered a volcano
 34665 | Volcano  | Reached skill level 3 in Evocations
 34771 | Orc:2    | Found a roughly hewn altar of Beogh.
 34933 | Orc:2    | Found a roughly hewn altar of Beogh.
 34999 | Orc:2    | Found a roughly hewn altar of Beogh.
 35024 | Orc:2    | Found Duocop's Armour Emporium.
 35132 | Orc:2    | Found a roughly hewn altar of Beogh.
 35169 | Orc:2    | Found Woefam's Antique Weapon Shoppe.
 35341 | Orc:2    | Found a roughly hewn altar of Beogh.
 35439 | Orc:2    | Found a staircase to the Elven Halls.
 35443 | Orc:2    | Found a roughly hewn altar of Beogh.
 35544 | Orc:2    | Found a roughly hewn altar of Beogh.
 35617 | Orc:2    | Reached skill level 5 in Dodging
 35720 | Orc:2    | Reached skill level 4 in Evocations
 35733 | Orc:2    | Noticed an orc warlord
 35770 | Orc:2    | Killed an orc warlord
 35805 | Orc:2    | HP: 39/132 [orc/mace (5)]
 35810 | Orc:2    | HP: 11/132 [orc priest/divine providence[an orc warlord] (13)]
 36073 | Orc:2    | Found Cianod's Antique Weapon Boutique.
 36085 | Orc:2    | Found a roughly hewn altar of Beogh.
 36097 | Orc:2    | Found Paugam's Antique Armour Shop.
 36165 | Orc:2    | Bought a glowing triple sword for 260 gold pieces
 36804 | D:13     | Reached skill level 5 in Evocations
 36860 | D:13     | Received a gift from Okawaru
 36861 | D:13     | Got a distressingly furry cloak {god gift}
 36898 | D:13     | Identified the +0 cloak "Orastooch" {rC+} (Okawaru gifted it to you on level 13 of the Dungeon)
 37196 | D:13     | Reached skill level 12 in Fighting
 37196 | D:13     | Reached skill level 6 in Dodging
 37433 | D:13     | Upgraded the game from 0.19-a0-32-gbfd796a to 0.19-a0-36-g4a0968a
 37955 | D:14     | Found Qiur's Antique Weapon Shop.
 38105 | D:14     | Found a flagged portal.
 38151 | Bailey   | Entered a bailey
 38371 | Bailey   | Reached skill level 6 in Evocations
 38433 | Bailey   | Got a crude blowgun
 38436 | Bailey   | Identified the +6 blowgun of the First Curses {evade, rElec rF+ rC+ Str-4} (You found it in a bailey)
 38748 | D:14     | Found Punyram's General Store.
 38751 | D:14     | Bought a scroll of blinking for 112 gold pieces
 38797 | D:14     | Found Seran's General Store.
 38800 | D:14     | Bought a potion of heal wounds for 60 gold pieces
 38945 | D:14     | Got a twisted chain mail
 38971 | D:14     | Identified the +5 chain mail of the Bells {rN++} (You found it on level 14 of the Dungeon)
 39441 | D:14     | Gained mutation: You may emit foul miasma when damaged in melee. [demonic ancestry]
 39441 | D:14     | Reached XP level 16. HP: 103/141 MP: 22/22
 39445 | D:14     | Received a gift from Okawaru
 39445 | D:14     | Reached skill level 7 in Dodging
 39515 | D:14     | Got a fine dagger {god gift}
 39539 | D:14     | Found a gate to the Vaults.
 39836 | D:15     | Entered Level 15 of the Dungeon
 39946 | D:15     | Reached skill level 7 in Evocations
 40001 | D:15     | Noticed Nessos
 40009 | D:15     | Killed Nessos
 40390 | D:15     | Found a staircase to the Depths.
 40419 | D:15     | Received a gift from Okawaru
 40528 | D:15     | Noticed Louise
 40539 | D:15     | Killed Louise
 40539 | D:15     | Reached skill level 13 in Fighting
 41093 | Spider:1 | Entered Level 1 of the Spider Nest
 41108 | Spider:1 | Received a gift from Okawaru
 41123 | Spider:1 | Reached skill level 8 in Dodging
 41138 | Spider:1 | Got a heavily runed buckler {god gift}
 41291 | Spider:1 | Reached skill level 8 in Evocations
 42674 | Spider:2 | Noticed Arachne
 42695 | Spider:2 | Killed Arachne
 42695 | Spider:2 | Reached skill level 9 in Dodging
 42695 | Spider:2 | Reached skill level 9 in Evocations
 43980 | Spider:2 | Received a gift from Okawaru
 43981 | Spider:2 | Got a pair of pitted gloves {god gift}
 44056 | Spider:1 | Identified the +4 pair of gloves of Okawaru's Envy {rPois Str+4 Int+9} (Okawaru gifted it to you on level 2 of the Spider Nest)
 44393 | Spider:2 | Reached XP level 17. HP: 139/151 MP: 24/24
 44680 | Spider:3 | Reached skill level 14 in Fighting
 44727 | Spider:3 | Reached skill level 10 in Evocations
 44803 | Spider:3 | Reached skill level 10 in Dodging
 44999 | Spider:3 | Reached skill level 3 in Translocations
 45295 | Spider:3 | Reached skill level 4 in Translocations
 45671 | Spider:4 | Entered Level 4 of the Spider Nest
 45934 | Spider:4 | Received a gift from Okawaru
 45975 | Spider:4 | Reached skill level 5 in Translocations
 46006 | Spider:3 | Identified a +2 pair of boots of running (Okawaru gifted it to you on level 4 of the Spider Nest)
 46238 | Spider:4 | Learned a level 2 spell: Repel Missiles
 46261 | Spider:4 | Noticed Nikola
 46457 | Spider:4 | Killed Nikola
 46490 | Spider:4 | Reached skill level 15 in Fighting
 46926 | Spider:4 | Reached skill level 6 in Translocations
 47473 | Spider:3 | HP: 46/156 [poisoned by a redback]
 47478 | Spider:3 | HP: 38/156 [poisoned by a redback]
 47484 | Spider:3 | HP: 39/156 [wolf spider (6)]
 47934 | Spider:4 | Received a gift from Okawaru
 47955 | Spider:4 | Reached skill level 7 in Translocations
 47993 | Spider:4 | Received a gift from Okawaru
 48117 | Spider:4 | Got a gossamer rune of Zot
 48570 | Swamp:1  | Entered Level 1 of the Swamp
 48912 | Swamp:1  | Reached skill level 12 in Armour
 48949 | Swamp:1  | Reached XP level 18. HP: 69/163 MP: 25/25
 49003 | Swamp:1  | Identified a scroll of acquirement
 49605 | Swamp:2  | Reached skill level 8 in Translocations
 50526 | Swamp:3  | Received a gift from Okawaru
 51617 | Swamp:3  | Reached skill level 9 in Translocations
 51878 | Swamp:4  | Entered Level 4 of the Swamp
 51910 | Swamp:4  | Reached skill level 1 in Charms
 51991 | Swamp:4  | Reached skill level 3 in Spellcasting
 52046 | Swamp:4  | Reached skill level 2 in Charms
 52167 | Swamp:4  | Reached skill level 13 in Armour
 52219 | Swamp:4  | Reached skill level 3 in Charms
 52224 | Swamp:4  | Reached skill level 4 in Spellcasting
 52322 | Swamp:4  | HP: 48/163 [six-headed hydra (10)]
 52962 | Swamp:4  | Received a gift from Okawaru
 52974 | Swamp:4  | Reached skill level 4 in Charms
 53003 | Swamp:4  | Got a brightly glowing chain mail {god gift}
 53004 | Swamp:4  | Identified the +3 chain mail "Lawoo" {+Inv MR+ Regen+} (Okawaru gifted it to you on level 4 of the Swamp)
 53136 | Swamp:4  | Noticed simok's ghost (adept DsMo)
 53169 | Swamp:4  | HP: 44/163 [simok's ghost (14)]
 53401 | Swamp:4  | Killed simok's ghost
 53401 | Swamp:4  | Reached skill level 5 in Spellcasting
 53527 | Swamp:4  | Got a decaying rune of Zot
 54034 | Lair:1   | Identified the +2 buckler of Gluttony {Str+4} (Okawaru gifted it to you on level 1 of the Spider Nest)
 54067 | Lair:1   | Learned a level 3 spell: Portal Projectile
 54072 | Lair:1   | Learned a level 4 spell: Passage of Golubria
 54075 | Lair:1   | Learned a level 2 spell: Swiftness
 54215 | Vaults:1 | Entered Level 1 of the Vaults
 54326 | D:14     | Reached skill level 5 in Charms
 54545 | Vaults:1 | Gained mutation: You are very robust. (+20% HP) [demonic ancestry]
 54545 | Vaults:1 | Reached XP level 19. HP: 153/186 MP: 27/27
 54601 | Vaults:1 | Reached skill level 6 in Spellcasting
 54722 | Vaults:1 | Received a gift from Okawaru
 54734 | Vaults:1 | Got a steaming chain mail {god gift}
 54735 | Vaults:1 | Identified the +2 chain mail "Nuakhluh" {+Inv rCorr} (Okawaru gifted it to you on level 1 of the Vaults)
 54937 | Vaults:1 | Reached skill level 6 in Charms
 55364 | Vaults:1 | Reached skill level 14 in Armour
 55373 | Vaults:1 | Reached skill level 7 in Spellcasting
 55892 | Vaults:1 | Reached skill level 7 in Charms
 56009 | Vaults:1 | Found Lank's Food Boutique.
 56300 | Vaults:2 | Reached skill level 1 in Air Magic
 56392 | Vaults:2 | Received a gift from Okawaru
 56485 | Vaults:2 | Reached skill level 8 in Spellcasting
 56493 | Vaults:2 | Reached skill level 2 in Air Magic
 56647 | Vaults:2 | You fall through a shaft!
 56647 | Vaults:3 | Noticed Saint Roka
 56712 | Vaults:3 | Killed Saint Roka
 56917 | Vaults:3 | Reached skill level 3 in Air Magic
 57289 | Vaults:2 | Noticed Mennas
 57327 | Vaults:2 | HP: 51/186 [Mennas/long sword of holy wrath (16)]
 57353 | Vaults:2 | Killed Mennas
 57353 | Vaults:2 | Reached skill level 9 in Spellcasting
 57353 | Vaults:2 | Reached skill level 4 in Air Magic
 57658 | Vaults:2 | Found a staircase to the Crypt.
 57700 | Vaults:2 | HP: 44/186 [??? (33)]
 57704 | Vaults:2 | Reached XP level 20. HP: 47/194 MP: 33/33
 58203 | Vaults:2 | Reached skill level 5 in Air Magic
 58256 | Vaults:2 | Reached skill level 15 in Armour
 58404 | Vaults:2 | Received a gift from Okawaru
 59486 | Vaults:3 | Found Dadugief's Distillery.
 59502 | Vaults:3 | Reached skill level 10 in Spellcasting
 59502 | Vaults:3 | Reached skill level 6 in Air Magic
 59530 | Vaults:3 | Noticed Norris
 59558 | Vaults:3 | Killed Norris
 59597 | Vaults:3 | Reached skill level 7 in Air Magic
 59931 | Vaults:3 | Noticed Mara
 59944 | Vaults:3 | Killed Mara
 59944 | Vaults:3 | Received a gift from Okawaru
 60140 | Vaults:3 | Noticed Xtahua
 60160 | Vaults:3 | Killed Xtahua
 60486 | Vaults:4 | Reached skill level 10 in Translocations
 60506 | Vaults:3 | Received a gift from Okawaru
 60507 | Vaults:3 | Got an encrusted swamp dragon armour {god gift}
 60514 | Vaults:3 | Identified the +4 swamp dragon armour "Zufas" {rPois rN+} (Okawaru gifted it to you on level 3 of the Vaults)
 62750 | Crypt:1  | Entered Level 1 of the Crypt
 62803 | Crypt:1  | Reached skill level 19 in Long Blades
 63162 | Crypt:1  | Gained mutation: You frequently emit foul miasma when damaged in melee. [demonic ancestry]
 63162 | Crypt:1  | Reached XP level 21. HP: 133/201 MP: 35/35
 63269 | Crypt:1  | Found a basalt altar of Yredelemnul.
 63332 | Crypt:1  | Received a gift from Okawaru
 63426 | Crypt:1  | Got an ancient great sword
 63427 | Crypt:1  | Identified the cursed +3 great sword of the Harvest {flame, rElec rPois Dex+2} (You found it on level 1 of the Crypt)
 63616 | Crypt:1  | Reached skill level 11 in Translocations
 64365 | Crypt:2  | Noticed Jorgrun
 64376 | Crypt:2  | Killed Jorgrun
 64753 | Crypt:2  | Noticed Boris
 64784 | Crypt:2  | Killed Boris
 64784 | Crypt:2  | Received a gift from Okawaru
 65237 | Crypt:2  | Noticed Jory
 65272 | Crypt:2  | Killed Jory
 65388 | Crypt:2  | Noticed Sojobo
 65569 | Crypt:2  | Killed Sojobo
 65901 | Crypt:2  | Noticed Donald
 65909 | Crypt:2  | Reached skill level 20 in Long Blades
 65937 | Crypt:2  | Killed Donald
 66422 | Crypt:2  | HP: 55/201 [??? (28)]
 66426 | Crypt:2  | HP: 23/201 [stone giant simulacrum[a curse skull] (20)]
 66932 | Crypt:2  | Noticed an ancient lich
 66970 | Crypt:2  | Killed an ancient lich
 66970 | Crypt:2  | Reached skill level 12 in Translocations
 66979 | Crypt:2  | Got a heavily runed ring mail
 66985 | Crypt:2  | Got an iridescent hand crossbow
 67001 | Crypt:2  | Identified the cursed +0 hand crossbow of the Morning {venom, Str+4 Stlth+} (You found it on level 2 of the Crypt)
 67013 | Crypt:2  | Identified the +0 ring mail of Ileress {Str+6 Dex+3} (You found it on level 2 of the Crypt)
 67170 | Crypt:3  | Entered Level 3 of the Crypt
 67205 | Crypt:3  | Received a gift from Okawaru
 68006 | Crypt:3  | Gained mutation: You are extremely robust. (+30% HP) [demonic ancestry]
 68006 | Crypt:3  | Reached XP level 22. HP: 97/227 MP: 36/36
 68486 | Crypt:3  | HP: 67/227 [ghoul (12)]
 68929 | Crypt:3  | Reached skill level 21 in Long Blades
 69067 | Crypt:3  | Received a gift from Okawaru
 69068 | Crypt:3  | Got a pair of smoking gloves {god gift}
 69069 | Crypt:3  | Identified the +0 pair of gloves "Uguume" {Str+2} (Okawaru gifted it to you on level 3 of the Crypt)
 69130 | Crypt:3  | Found a staircase to the Tomb.
 69204 | Crypt:3  | Reached skill level 13 in Translocations
 70077 | Crypt:3  | HP: 53/227 [flayed ghost/flay_damage (27)]
 71554 | Elf:1    | Entered Level 1 of the Elven Halls
 71577 | Elf:1    | Found an ancient bone altar of Kikubaaqudgha.
 72028 | Elf:1    | Received a gift from Okawaru
 72278 | Elf:1    | Noticed Roxanne
 72609 | Elf:2    | Found Qoosimua's Armour Boutique.
 73123 | Elf:2    | Received a gift from Okawaru
 73206 | Elf:2    | Reached skill level 22 in Long Blades
 73468 | Elf:2    | Found a runed gate.
 73470 | Elf:2    | Found a runed gate.
 73473 | Elf:2    | Found a runed gate.
 73509 | Elf:2    | Reached skill level 14 in Translocations
 73575 | Elf:2    | Received a gift from Okawaru
 73663 | Elf:2    | Reached XP level 23. HP: 171/235 MP: 37/37
 74286 | Elf:3    | Entered Level 3 of the Elven Halls
 74505 | Elf:3    | Found Sonwegu's Antique Armour Emporium.
 74513 | Elf:3    | Bought a distressingly furry plate armour for 868 gold pieces
 74513 | Elf:3    | Identified the cursed +1 plate armour "Jyqielar" {Int+6 Dex+6} (You bought it in a shop on level 3 of the Elven Halls)
 74514 | Elf:3    | Bought an embroidered cloak for 139 gold pieces
 74728 | Elf:3    | Received a gift from Okawaru
 75174 | Elf:3    | Received a gift from Okawaru
 75240 | Elf:3    | Got a vibrating lapis lazuli ring
 75248 | Elf:3    | Identified the ring "Ypuuklil" {*Tele +Fly Int+2} (You took it off a deep elf blademaster on level 3 of the Elven Halls)
 75403 | Elf:3    | Got a polished chain mail
 75419 | Elf:3    | Identified the cursed +1 chain mail of Kuph {rCorr} (You took it off a deep elf high priest on level 3 of the Elven Halls)
 75517 | Elf:3    | Identified a +4 rod of shadows (7/11) {!a} (You took it off a deep elf annihilator on level 3 of the Elven Halls)
 75706 | Elf:3    | HP: 60/235 [deep elf mage/bolt of magma (26)]
 75709 | Elf:3    | HP: 29/235 [deep elf master archer/arrow (14)]
 75715 | Elf:3    | HP: 32/235 [air elemental (5)]
 76169 | Elf:3    | Received a gift from Okawaru
 76174 | Elf:3    | Got a faintly glowing chain mail {god gift}
 76178 | Elf:3    | Identified the +9 chain mail of Loss {MR++ Str-2 Int+3} (Okawaru gifted it to you on level 3 of the Elven Halls)
 76465 | Elf:3    | Reached skill level 23 in Long Blades
 76719 | Elf:3    | Got a bronze chain mail
 76720 | Elf:3    | Identified the +1 chain mail "Lops" {rN+ MR+} (You found it on level 3 of the Elven Halls)
 76730 | Elf:3    | Got a faintly humming chain mail
 76731 | Elf:3    | Identified the +8 chain mail "Bazoopuf" {+Fly Str-4 Dex+5 Stlth+} (You found it on level 3 of the Elven Halls)
 76736 | Elf:3    | Identified the Compendium of Confrontation and Transmigration
 76743 | Elf:3    | Identified the Incunabulum of Shape Shifting and the Volcanoes
 77360 | Elf:1    | Killed Roxanne
 77362 | Elf:1    | Identified Roxanne's Catalogue of Earth (You took it off Roxanne on level 1 of the Elven Halls)
 77560 | D:7      | Bought a scroll of enchant weapon for 90 gold pieces
 77707 | Depths:1 | Entered Level 1 of the Depths
 77808 | Depths:1 | Found a magical portal.
 77825 | Depths:1 | Noticed a juggernaut
 77849 | Depths:1 | Found a gateway to Hell.
 77892 | Depths:1 | Reached skill level 15 in Translocations
 77929 | WizLab   | Entered Lehudib's Moon Base
 78831 | WizLab   | Gained mutation: Scrolls take you a little longer to read. [a cacodemon]
 78958 | WizLab   | Received a gift from Okawaru
 79322 | WizLab   | Gained mutation: You expend magic power (3 MP) to strengthen your wands. [a cacodemon]
 79626 | WizLab   | Received a gift from Okawaru
 79657 | WizLab   | Identified Lehudib's Almanac of the Rocks and Confrontation
 79702 | WizLab   | Got a brightly glowing hand crossbow
 79705 | WizLab   | Identified the +11 hand crossbow of Virtue {elec, rF++ rC+ Int-4 Dex-4} (You found it in a wizard's laboratory)
 79794 | Depths:1 | Reached XP level 24. HP: 202/244 MP: 15/37
 79867 | Depths:1 | Upgraded the game from 0.19-a0-36-g4a0968a to 0.19-a0-45-g2c295ea
 80018 | Vaults:3 | Bought a potion of cure mutation for 375 gold pieces
 80022 | Vaults:3 | Lost mutation: Scrolls take you a little longer to read. [potion of cure mutation]
 80022 | Vaults:3 | Lost mutation: You expend magic power (3 MP) to strengthen your wands. [potion of cure mutation]
 80259 | Lair:1   | Learned a level 6 spell: Dispersal
 80264 | Lair:1   | Learned a level 4 spell: Airstrike
 81203 | Depths:1 | Found a one-way gate to the infinite horrors of the Abyss.
 81360 | Depths:1 | Found a one-way gate leading to the halls of Pandemonium.
 81360 | Depths:1 | Noticed Asterion
 81376 | Depths:1 | Killed Asterion
 81376 | Depths:1 | Reached skill level 24 in Long Blades
 81631 | Depths:1 | Received a gift from Okawaru
 81826 | Depths:2 | Noticed an ancient lich
 81838 | Depths:2 | Killed an ancient lich
 82060 | Depths:2 | Reached skill level 16 in Translocations
 82069 | Depths:2 | Received a gift from Okawaru
 82221 | Depths:2 | Found a gateway to a ziggurat.
 82356 | Depths:2 | Reached skill level 8 in Air Magic
 83094 | Depths:2 | Found a snail-covered altar of Cheibriados.
 83352 | Depths:3 | HP: 59/244 [Hell Sentinel/damnation[a lich] (35)]
 83368 | Depths:3 | HP: 65/244 [lich (2)]
 83373 | Depths:3 | HP: 63/244 [yaktaur (3)]
 83383 | Depths:3 | HP: 52/244 [frost giant/bolt of cold (8)]
 83392 | Depths:3 | HP: 49/244 [yaktaur/bolt (6)]
 83398 | Depths:3 | HP: 49/244 [yaktaur (2)]
 83408 | Depths:3 | HP: 40/244 [yaktaur (13)]
 83497 | Depths:3 | Found a corrupted altar of Lugonu.
 83504 | Depths:3 | HP: 57/244 [yaktaur/bolt (23)]
 83510 | Depths:3 | HP: 55/244 [ice dragon (3)]
 83954 | Depths:3 | Noticed a juggernaut
 83964 | Depths:3 | Killed a juggernaut
 83964 | Depths:3 | Received a gift from Okawaru
 83991 | Depths:3 | Learned a level 1 spell: Summon Butterflies
 84155 | Depths:3 | Reached skill level 9 in Air Magic
 84967 | Depths:4 | Reached skill level 16 in Armour
 85020 | Depths:4 | Reached XP level 25. HP: 140/252 MP: 37/37
 85064 | Depths:4 | HP: 70/252 [caustic shrike zombie (18)]
 85069 | Depths:4 | HP: 58/252 [spark wasp zombie (3)]
 85074 | Depths:4 | HP: 40/252 [skeletal warrior/glaive (14)]
 85375 | Depths:3 | Reached skill level 10 in Air Magic
 85696 | Depths:4 | Identified Quedif's Reference Book on Black Arts
 85701 | Depths:4 | Learned a level 3 spell: Regeneration
 85823 | Depths:4 | Reached skill level 17 in Translocations
 86038 | Depths:4 | Received a gift from Okawaru
 87289 | Depths:4 | Reached skill level 11 in Air Magic
 87530 | Depths:4 | Reached skill level 1 in Summonings
 87530 | Depths:4 | Reached skill level 1 in Necromancy
 87555 | Depths:4 | Got a pair of distressingly furry gloves
 87560 | Depths:4 | Got a smoking ice dragon armour
 87563 | Depths:4 | Got a clouded iron ring
 87578 | Depths:4 | Got a translucent leather armour
 87592 | Depths:4 | Identified the +5 ice dragon armour of the Lobster {rF- rC++ MR+ SInv} (You found it on level 4 of the Depths)
 87603 | Depths:4 | Identified the +0 pair of gloves of Terror {Str+6} (You found it on level 4 of the Depths)
 87623 | Depths:4 | Identified the +1 leather armour of the Shining Light {Int+7} (You found it on level 4 of the Depths)
 87633 | Depths:4 | Identified the ring "Gokaumu" {Wiz rN+} (You found it on level 4 of the Depths)
 88095 | D:4      | Killed Qrupt's ghost
 88499 | Depths:2 | Identified the Handbook of Earth
 88502 | Depths:2 | Identified the Catalogue of the Carpenter
 88628 | Depths:5 | Entered Level 5 of the Depths
 88646 | Depths:5 | Reached skill level 2 in Summonings
 88646 | Depths:5 | Reached skill level 2 in Necromancy
 88777 | Depths:5 | Noticed Karasique's ghost (veteran MfMo)
 88810 | Depths:5 | Killed Karasique's ghost
 88858 | Depths:5 | Reached skill level 3 in Necromancy
 88911 | Depths:5 | Reached skill level 3 in Summonings
 89173 | Depths:5 | Reached skill level 4 in Necromancy
 89229 | Depths:5 | Reached skill level 4 in Summonings
 89237 | Depths:5 | Reached skill level 17 in Armour
 89249 | Depths:5 | Found a gate to the Realm of Zot.
 89444 | Depths:5 | Received a gift from Okawaru
 89444 | Depths:5 | Reached skill level 5 in Necromancy
 89881 | Depths:5 | Reached skill level 5 in Summonings
 90458 | Vaults:5 | Entered Level 5 of the Vaults
 90501 | Vaults:4 | Reached skill level 18 in Translocations
 90505 | Vaults:4 | Reached skill level 6 in Necromancy
 90512 | Vaults:4 | Reached XP level 26. HP: 163/261 MP: 37/37
 90739 | Vaults:5 | Reached skill level 7 in Necromancy
 90882 | Vaults:5 | HP: 76/261 [tengu reaver/halberd (22)]
 90887 | Vaults:5 | HP: 67/261 [shadow dragon/bolt of negative energy (3)]
 91077 | Vaults:5 | Cast into level 4 of the Abyss (vault warden)
 91098 | Vaults:5 | Escaped the Abyss
 91102 | Vaults:5 | Reached skill level 1 in Stealth
 91108 | Vaults:5 | Received a gift from Okawaru
 91207 | Vaults:5 | Reached skill level 1 in Throwing
 91251 | Vaults:5 | Reached skill level 8 in Necromancy
 91354 | Vaults:5 | Found Duatz's General Store.
 91378 | Vaults:5 | Bought a scroll of enchant weapon for 112 gold pieces
 91443 | Vaults:5 | HP: 78/261 [yaktaur captain/bolt (31)]
 91457 | Vaults:5 | HP: 67/261 [titan (16)]
 91460 | Vaults:5 | Reached skill level 2 in Throwing
 91618 | Vaults:5 | Reached skill level 18 in Armour
 91678 | Vaults:5 | Found Canorax's Magic Scroll Emporium.
 91682 | Vaults:5 | Bought a scroll of enchant weapon for 142 gold pieces
 91697 | Vaults:5 | Found Totosudd's Food Boutique.
 91737 | Vaults:5 | Reached skill level 3 in Throwing
 91753 | Vaults:5 | Found Focots's Food Emporium.
 91823 | Vaults:5 | Noticed Boris
 91836 | Vaults:5 | Killed Boris
 92056 | Vaults:5 | Reached skill level 4 in Throwing
 92391 | Vaults:5 | HP: 77/261 [sphinx/divine providence (11)]
 92522 | Vaults:5 | Reached skill level 5 in Throwing
 92643 | Vaults:5 | Got a silver rune of Zot
 92731 | Vaults:5 | Found Taly's Jewellery Boutique.
 92783 | Vaults:5 | Found Teraor's Jewellery Shoppe.
 92820 | Vaults:5 | Found Qoafan's Book Shoppe.
 92829 | Vaults:5 | Found Funac's Magic Scroll Boutique.
 92834 | Vaults:5 | Bought a scroll of blinking for 112 gold pieces
 92845 | Vaults:5 | Received a gift from Okawaru
 92907 | Vaults:5 | Reached skill level 19 in Armour
 93352 | Lair:1   | Learned a level 5 spell: Dispel Undead
 93512 | Lair:1   | Identified the Almanac of the Helpful Compass
 93641 | Lair:1   | Upgraded the game from 0.19-a0-45-g2c295ea to 0.19-a0-49-gb8736b8
 93763 | Slime:1  | Entered Level 1 of the Pits of Slime
 93781 | Slime:1  | Reached skill level 6 in Throwing
 93888 | Slime:3  | Noticed Dissolution
 93893 | Slime:3  | Killed Dissolution
 93893 | Slime:3  | Received a gift from Okawaru
 93942 | Slime:5  | Reached XP level 27. HP: 218/269 MP: 37/37
 94014 | Slime:6  | Entered Level 6 of the Pits of Slime
 94021 | Slime:6  | Reached skill level 7 in Throwing
 94060 | Slime:6  | Gained mutation: Potions and wands are less effective at restoring your health. [a shining eye]
 94267 | Slime:6  | Noticed the Royal Jelly
 94283 | Slime:6  | Found a viscous altar of Jiyva.
 94293 | Slime:6  | Killed the Royal Jelly
 94341 | Slime:6  | Reached skill level 8 in Throwing
 94347 | Slime:6  | Reached skill level 20 in Armour
 94362 | Slime:6  | Got a brightly glowing bronze ring
 94411 | Slime:6  | Got a glittering crystal amulet
 94468 | Slime:6  | Got a dazzling scale mail
 94470 | Slime:6  | Got a faintly glowing chain mail
 94508 | Slime:6  | Got a slimy rune of Zot
 94509 | Slime:6  | Identified the amulet of Zocvuir {Spirit Int+4 Dex+5} (You found it on level 6 of the Pits of Slime)
 94510 | Slime:6  | Identified the cursed +1 chain mail "Miefeitz" {*Contam +Fly rC+++ Str+2} (You found it on level 6 of the Pits of Slime)
 94518 | Slime:6  | Identified Athoniar's Tome of Flight and Sinister Rituals (You found it on level 6 of the Pits of Slime)
 94524 | Slime:6  | Identified the ring of Pecoocawn {Fire Dex+2} (You found it on level 6 of the Pits of Slime)
 94525 | Slime:6  | Identified the cursed +0 scale mail "Enkaps" {Str+3} (You found it on level 6 of the Pits of Slime)
 94754 | Lair:1   | Lost mutation: Potions and wands are less effective at restoring your health. [potion of cure mutation]
 94757 | Lair:1   | Upgraded the game from 0.19-a0-49-gb8736b8 to 0.19-a0-53-ge6e6435
 94757 | Lair:1   | Upgraded the game from 0.19-a0-53-ge6e6435 to 0.19-a0-55-g7e720b0
 94757 | Lair:1   | Upgraded the game from 0.19-a0-55-g7e720b0 to 0.19-a0-97-g21dea92
 94757 | Lair:1   | Upgraded the game from 0.19-a0-97-g21dea92 to 0.19-a0-139-gefc6d61
 94757 | Lair:1   | Upgraded the game from 0.19-a0-139-gefc6d61 to 0.19-a0-147-g6f47703
 94757 | Lair:1   | Upgraded the game from 0.19-a0-147-g6f47703 to 0.19-a0-160-gd53b84c
 94757 | Lair:1   | Upgraded the game from 0.19-a0-160-gd53b84c to 0.19-a0-291-ga637243
 95037 | Zot:1    | Entered Level 1 of the Realm of Zot
 95433 | Depths:5 | Received a gift from Okawaru
 95498 | Zot:1    | Received a gift from Okawaru
 95567 | Zot:1    | Got a shimmering scale mail
 95747 | Zot:1    | Noticed an orb of fire
 95758 | Zot:1    | Gained mutation: You expend magic power (3 MP) to strengthen your wands. [an orb of fire]
 95763 | Zot:1    | Gained mutation: Scrolls take you a little longer to read. [an orb of fire]
 95766 | Zot:1    | Killed an orb of fire
 95911 | Zot:1    | HP: 78/269 [death cob (20)]
 95919 | Zot:1    | HP: 74/269 [purple draconian/trident of protection (2)]
 95923 | Zot:1    | Reached skill level 9 in Throwing
 95924 | Zot:1    | HP: 63/269 [green draconian monk (3)]
 95944 | Zot:1    | HP: 51/269 [white draconian/chilling blast (15)]
 95949 | Zot:1    | HP: 39/269 [purple draconian/trident of protection (5)]
 95960 | Zot:1    | HP: 37/269 [white draconian/glaive (6)]
 96321 | Zot:1    | HP: 70/269 [black draconian/battleaxe (11)]
 96326 | Zot:1    | HP: 69/269 [poisoned by a black draconian annihilator (poison arrow)]
 96332 | Zot:1    | HP: 54/269 [poisoned by a black draconian annihilator (poison arrow)]
 96337 | Zot:1    | HP: 54/269 [poisoned by a black draconian annihilator (poison arrow)]
 96343 | Zot:1    | HP: 55/269 [poisoned by a black draconian annihilator (poison arrow)]
 96351 | Zot:1    | HP: 59/269 [poisoned by a black draconian annihilator (poison arrow)]
 96707 | Zot:1    | HP: 80/269 [black draconian scorcher/damnation (12)]
 96712 | Zot:1    | HP: 77/269 [poisoned by a purple draconian annihilator (poison arrow)]
 96717 | Zot:1    | HP: 41/269 [poisoned by a purple draconian annihilator (poison arrow)]
 96722 | Zot:1    | HP: 40/269 [poisoned by a purple draconian annihilator (poison arrow)]
 96729 | Zot:1    | HP: 41/269 [poisoned by a purple draconian annihilator (poison arrow)]
 96735 | Zot:1    | HP: 37/269 [poisoned by a purple draconian annihilator (poison arrow)]
 96737 | Zot:1    | HP: 17/269 [black draconian knight/glaive of chopping (3)]
 96744 | Zot:1    | HP: 33/269 [poisoned by a purple draconian annihilator (poison arrow)]
 96984 | Depths:5 | Received a gift from Okawaru
 97001 | Depths:5 | Identified the cursed +1 scale mail of the Locust {Slay+2} (You found it on level 1 of the Realm of Zot)
 97735 | Zot:2    | Reached skill level 21 in Armour
 97841 | Zot:2    | Reached skill level 10 in Throwing
 97934 | Zot:2    | HP: 77/269 [black draconian/glaive (10)]
 97939 | Zot:2    | HP: 66/269 [poisoned by a green draconian knight]
 97943 | Zot:2    | HP: 14/269 [black draconian knight/shard of ice (20)]
 97950 | Zot:2    | HP: 12/269 [black draconian/bolt of lightning (7)]
 97960 | Zot:2    | Killed from afar by a black draconian knight

Vault maps used:
D:1:      dpeg_arrival_arbitrary_a, minmay_crystal_water
D:2:      johnstein_pakellas_dig, uniq_iyjb
D:3:      kennysheep_six_static_rooms, minitemple, dk_noncrumbling_4,
          roderic_bipointed_swastika, uniq_natasha, uniq_crazy_yiuf_cottage
D:4:      corexii_shack_village, elyvilon_altar_5, old_standard_altar,
          minmay_temple_entry_statues, first_bread, st_stairs_12
D:5:      enter_ossuary_3
D:6:      lemuel_coloured_pillars_altar, serial_shops,
          nicolae_shop_window_shopping, nicolae_tso_besieged_by_evil
D:7:      serial_shops, shop
D:8:      old_standard_altar, old_standard_altar, uniq_maurice
D:9:      kennysheep_big_flooded_room, due_lair_maze_entry_diamond,
          hangedman_fish_farm, yredelemnul_altar_generic
D:11:     lemuel_flame_loot_2, basic_altar, lab_entry_generic
D:12:     evilmike_iron_armoury, orc_0_dummy, minmay_st_funbox
D:13:     hive_lemuel
D:14:     lightli_vaults_fourway_checkpoint, serial_shops, nicolae_shop_trees,
          kennysheep_mini, nicolae_shop_behind_doors, enter_bailey_3,
          amalloy_card_club
D:15:     gammafunk_depths_entry_grave, uniq_louise, uniq_nessos
Temple:   oiseaux_autumnal_temple_12
Lair:1:   minmay_lair_oklob_tunnel, basic_altar, uniq_sonja, uniq_gastronok
Lair:2:   portal_ice_cave_entry_ice_beasts, wad_woods_02, lemuel_fruit_fields
Lair:3:   kennysheep_abandoned_house
Lair:4:   spider_nest_entry_funnel_web, forest_entry_grove
Lair:5:   swamp_mist, beast_lair_carwin_7, lemuel_fruit_fields
Lair:6:   dpeg_slime_entry_corner
Lair:7:   st_stairs_13
Lair:8:   grunt_lair_end_beastmaster, basic_altar, infiniplex_staircase_pool,
          grunt_megastairs_3
Swamp:1:  evilmike_swamp_ruin_house_1
Swamp:2:  hangedman_swamp_ruin_wall
Swamp:3:  nicolae_swamp_fairy_circle, swamp_pool4, hangedman_swamp_pad,
          nicolae_swamp_snake_nest
Swamp:4:  swamp
Spider:1: nicolae_spider_nook
Spider:2: hangedman_spider_tarantella_strand, uniq_arachne
Spider:3: zaba_anthell
Spider:4: grunt_spider_rune_circles, uniq_nikola
Slime:1:  basic_altar, cheibrodos_slime_lost_civilization_5
Slime:2:  nicolae_slime_ancient_tower_intersection
Slime:3:  nicolae_slime_jelly_donut, dissolution_awaits
Orc:2:    grunt_orc_community_town_hall, grunt_orc_community_big_house_1,
          grunt_orc_community_big_house_1, grunt_orc_community_house_2,
          grunt_orc_community_house_3, grunt_orc_community_house_3,
          grunt_orc_community_house_2, grunt_orc_community_house_2,
          grunt_orc_community_house_2, enter_volcano_2
Elf:1:    minmay_elf_arrival_plus, basic_altar, minmay_elf_crystal_heptagon,
          uniq_roxanne
Elf:2:    serial_shops, nicolae_shop_statue_plus, guppyfry_elf_castle,
          lemuel_elevator
Elf:3:    minmay_elf_hall_x, serial_shops, shop, serial_sigils_hangedman_gut
Vaults:1: v_rooms_2, vaults_room_pool, nicolae_vaults_rhombus_5, v_misc_4,
          vaults_room_glass_cross, hangedman_vaults_variations, v_misc_30,
          nicolae_vaults_circle_grid_b, v_misc_28, vaults_room_pools,
          hangedman_vaults_maws, vaults_dpeg_hooks, serial_shops, shop_statue
Vaults:2: minmay_crypt_entry_simple_round, ontoclasm_vaults_ring_large,
          v_misc_10, grunt_vaults_bifocal, v_misc_18, nicolae_vaults_what_the_h,
          ontoclasm_vaults_decontamination, hangedman_vaults_restitches,
          nicolae_vaults_alarming, uniq_mennas
Vaults:3: vaults_mumra_chevron, kb_rosetta, nicolae_vaults_diagonal_hallway_8,
          vaults_room_large_hall, vaults_room_corners,
          hangedman_vaults_stitches, hangedman_vaults_maws, v_alt_pattern_6,
          v_misc_22, v_alt_pattern_4, serial_shops, shop, uniq_xtahua,
          uniq_mara, uniq_norris, uniq_saint_roka
Vaults:4: dpeg_vaults_monster_row, v_alt_pattern_3,
          nicolae_vaults_little_squares_4, nicolae_vaults_shelves_hall,
          vaults_room_fours, ontoclasm_vaults_fault, grunt_vaults_hallway_long,
          vaults_dpeg_encased_lava, nicolae_vaults_little_squares_6
Vaults:5: uniq_boris
Crypt:1:  basic_altar, hangedman_weighted_door, grunt_ministairs_12,
          nicolae_crypt_soggy_tomb, grunt_megastairs_4
Crypt:2:  moated_statue, st_shrine_of_skulls, uniq_jory, uniq_donald,
          uniq_boris, uniq_jorgrun, uniq_sojobo
Crypt:3:  due_elkab, nicolae_tomb_entry_grand_gallery, minivault_14,
          grunt_ministairs_6
Depths:1: grunt_hell_horde, nicolae_abyss_entry_one_way_or_another,
          infiniplex_enter_wizlab_water, grunt_pan_entry_zigzag,
          kennysheep_generic_room_6, uniq_asterion
Depths:2: mu_elemental_laboratory, enter_ziggurat_d, hangedman_geh_valley,
          cheibriados_altar_1, infiniplex_staircase_squiggle
Depths:3: minmay_distorted_concentric_squares, hellmouth_1,
          rand_demon_pan_entry_5, kennysheep_cross_bottleneck,
          abyss_entry_flame_altar
Depths:4: minmay_nine_rooms, hell_entry, special_room, abyss_entry,
          minmay_gold_behind_fungi
Depths:5: grunt_zot_entry_gee_three, hell_entry, pan_entry, grunt_ministairs_6
Zot:2:    kennysheep_spiral_hall, grunt_ministairs_3
Abyss:4:  hangedman_relentless_pull, hangedman_decor_peaks_small,
          bh_abyss_negative, grunt_abyss_rune_sword_and_sorcery
Lab:      nicolae_lab_t_cross, nicolae_lab_big_swirl, lab_fountain,
          nicolae_lab_flowing_pool, labyrinth_fake_exit, nicolae_lab_statue,
          nicolae_lab_stuck, nicolae_lab_checkerboard
Ossuary:  ossuary_kennysheep_city_of_the_dead
Bailey:   bailey_polearm_gnolls_kennysheep, bailey
IceCv:    ice_cave_caverns_01
Volcano:  volcano_village
WizLab:   wizlab_lehudib

Skill      XL: |  1  2  3  4  5  6  7  8  9 10 11 12 13 14 15 16 17 18 19 20 21 22 23 24 25 26 27 |
---------------+----------------------------------------------------------------------------------+-----
Long Blades    | 2 3 4 5 7 9 10 12 13 14 15 16 18 19 20 22 23 24 | 24.0
Armour         | 2 5 8 10 11 12 13 14 15 16 17 19 21 | 21.2
Invocations    | 2 7 8 |  8.4
Fighting       | 7 10 12 13 15 | 15.0
Dodging        | 2 6 9 10 | 10.0
Evocations     | 6 9 10 | 10.0
Translocations | 7 9 10 12 14 15 16 18 | 18.3
Charms         | 5 7 |  7.0
Spellcasting   | 5 9 10 | 10.0
Air Magic      | 4 7 9 11 | 11.0
Summonings     | 5 |  5.1
Necromancy     | 6 8 |  8.0
Stealth        | 1 |  1.7
Throwing       | 6 10 | 10.0

Action                   |  1- 3 |  4- 6 |  7- 9 | 10-12 | 13-15 | 16-18 | 19-21 | 22-24 | 25-27 || total
-------------------------+-------+-------+-------+-------+-------+-------+-------+-------+-------++-------
Melee: Falchion          |   128 |   120 |       |       |       |       |       |       |       ||   248
       Dagger            |       |   132 |   360 |   219 |    94 |       |       |       |       ||   805
       Long sword        |       |     6 |   204 |   175 |       |       |       |       |       ||   385
       Punch             |       |       |       |     4 |     6 |       |       |       |       ||    10
       Great sword       |       |       |       |   589 |  2018 |  2013 |  2510 |  1030 |       ||  8160
       Triple sword      |       |       |       |       |       |       |       |  1356 |  1736 ||  3092
 Fire: Hunting sling     |       |    51 |    97 |    78 |    16 |   155 |       |       |       ||   397
       Blowgun           |       |     7 |     5 |     5 |    13 |       |       |       |       ||    30
Throw: Stone             |    27 |     9 |       |       |       |       |       |       |       ||    36
       Tomahawk          |       |       |     7 |    13 |    12 |       |       |       |       ||    32
       Throwing net      |       |       |       |     1 |       |     1 |       |       |       ||     2
       Javelin           |       |       |       |       |     4 |     8 |     3 |    16 |    28 ||    59
 Cast: Apportation       |       |       |       |       |     7 |       |     3 |     7 |     4 ||    21
       Blink             |       |       |       |       |       |     2 |     4 |     5 |     5 ||    16
       Repel Missiles    |       |       |       |       |       |       |    10 |    17 |    12 ||    39
       Airstrike         |       |       |       |       |       |       |       |     5 |     7 ||    12
       Dispersal         |       |       |       |       |       |       |       |     3 |     3 ||     6
       Regeneration      |       |       |       |       |       |       |       |       |    96 ||    96
       Portal Projectile |       |       |       |       |       |       |       |       |     1 ||     1
       Summon Butterflie |       |       |       |       |       |       |       |       |     9 ||     9
Invok: Heroism           |       |       |     1 |    14 |    26 |    13 |    17 |    17 |    19 ||   107
       Finesse           |       |       |       |       |     3 |     3 |     8 |     2 |     3 ||    19
 Abil: Evoke Blink       |       |       |       |       |       |     1 |       |       |       ||     1
       Evoke Flight      |       |       |       |       |       |     6 |       |       |       ||     6
       Stop Flying       |       |       |       |       |       |     1 |       |       |       ||     1
Evoke: Wand              |       |     1 |     4 |     6 |     2 |     4 |       |     5 |     7 ||    29
       Phantom mirror    |       |       |       |       |       |       |       |       |     1 ||     1
  Use: Scroll            |     1 |    11 |     9 |     4 |    13 |     6 |    10 |    24 |    17 ||    95
       Potion            |       |       |     5 |     7 |       |     3 |     2 |     2 |     7 ||    26
 Stab: Confused          |       |       |     3 |     1 |       |       |       |       |       ||     4
       Held in net/web   |       |       |       |     2 |       |       |       |       |       ||     2
       Paralysed         |       |       |       |       |       |     5 |       |     1 |       ||     6
       Distracted        |       |       |       |       |       |       |     1 |       |     2 ||     3
  Eat: Chunk             |     4 |    28 |    26 |    38 |    59 |    29 |    29 |    35 |    34 ||   282
       Meat ration       |       |       |       |       |     1 |     4 |     3 |     1 |       ||     9
       Pizza             |       |       |       |       |       |     2 |     1 |     2 |     4 ||     9
       Bread ration      |       |       |       |       |       |       |       |     4 |     2 ||     6
Armor: Leather armour    |     8 |       |       |       |       |       |       |       |       ||     8
       Ring mail         |    44 |   151 |   277 |   397 |       |       |       |       |       ||   869
       Skin              |       |       |    18 |       |       |       |       |       |       ||    18
       Plate armour      |       |       |       |    45 |  1170 |       |       |       |       ||  1215
       Chain mail        |       |       |       |       |   346 |  1622 |  1382 |  1628 |  1387 ||  6365
Dodge: Dodged            |    72 |    68 |   145 |   427 |   870 |  1248 |  1125 |  1172 |   889 ||  6016
       Deflected         |       |       |       |       |       |       |    71 |   101 |    50 ||   222

Table legend:
 A = Turns spent in this place as a percentage of turns spent in the entire game.
 B = Non-inter-level travel turns spent in this place as a percentage of non-inter-level travel turns spent in the entire game.
 C = Inter-level travel turns spent in this place as a percentage of turns spent in this place.
 D = Turns resting spent in this place as a percentage of non-inter-level travel turns spent in this place.
 E = Turns spent auto-exploring this place as a percentage of non-inter-level travel turns spent in this place.
 F = Non-inter-level travel turns spent in this place divided by the number of levels of this place that you've seen.
                   A       B       C       D       E      F
               +-------+-------+-------+-------+-------+----------------------
         Total | 100.0 | 100.0 |   0.5 |   1.8 |   2.8 | 657.7
       Dungeon |  19.2 |  19.1 |   0.8 |   1.5 |   4.1 | 545.7
        Temple |   0.0 |   0.0 |   5.3 |   0.0 |  72.2 |  18.0
          Lair |  12.4 |  12.3 |   1.2 |   2.0 |   2.9 | 656.0
         Swamp |   5.1 |   5.1 |   0.4 |   1.8 |   4.2 | 542.0
   Spider Nest |   8.1 |   8.1 |   0.2 |   2.2 |   2.5 | 864.5
    Slime Pits |   1.9 |   1.9 |   0.2 |   0.2 |   0.0 | 135.7
  Orcish Mines |   4.0 |   4.0 |   0.6 |   1.0 |   0.6 | 857.5
   Elven Halls |   7.0 |   7.1 |   0.4 |   1.9 |   2.7 | 1004.7
        Vaults |  15.3 |  15.3 |   0.4 |   1.0 |   1.9 | 1307.4
         Crypt |   8.4 |   8.4 |   0.4 |   2.0 |   3.2 | 1194.0
        Depths |   9.9 |   9.9 |   0.5 |   2.5 |   2.9 | 845.4
           Zot |   2.3 |   2.3 |   0.1 |   2.8 |   3.7 | 489.5
         Abyss |   0.1 |   0.1 |   0.0 |   0.0 |   0.0 |  23.0
     Labyrinth |   0.4 |   0.4 |   0.0 |   0.0 |   0.0 | 172.0
       Ossuary |   1.0 |   1.0 |   0.0 |   2.7 |   1.0 | 409.0
        Bailey |   0.7 |   0.7 |   0.0 |   0.0 |   0.3 | 290.0
      Ice Cave |   2.0 |   2.0 |   0.0 |   4.6 |   0.6 | 845.0
       Volcano |   0.4 |   0.4 |   0.0 |  12.8 |   0.0 | 164.0
        Wizlab |   2.1 |   2.1 |   0.0 |   2.1 |   1.2 | 901.0
               +-------+-------+-------+-------+-------+----------------------

Vault maps used:
D:1:      dpeg_arrival_arbitrary_a, minmay_crystal_water
D:2:      johnstein_pakellas_dig, uniq_iyjb
D:3:      kennysheep_six_static_rooms, minitemple, dk_noncrumbling_4,
          roderic_bipointed_swastika, uniq_natasha, uniq_crazy_yiuf_cottage
D:4:      corexii_shack_village, elyvilon_altar_5, old_standard_altar,
          minmay_temple_entry_statues, first_bread, st_stairs_12
D:5:      enter_ossuary_3
D:6:      lemuel_coloured_pillars_altar, serial_shops,
          nicolae_shop_window_shopping, nicolae_tso_besieged_by_evil
D:7:      serial_shops, shop
D:8:      old_standard_altar, old_standard_altar, uniq_maurice
D:9:      kennysheep_big_flooded_room, due_lair_maze_entry_diamond,
          hangedman_fish_farm, yredelemnul_altar_generic
D:11:     lemuel_flame_loot_2, basic_altar, lab_entry_generic
D:12:     evilmike_iron_armoury, orc_0_dummy, minmay_st_funbox
D:13:     hive_lemuel
D:14:     lightli_vaults_fourway_checkpoint, serial_shops, nicolae_shop_trees,
          kennysheep_mini, nicolae_shop_behind_doors, enter_bailey_3,
          amalloy_card_club
D:15:     gammafunk_depths_entry_grave, uniq_louise, uniq_nessos
Temple:   oiseaux_autumnal_temple_12
Lair:1:   minmay_lair_oklob_tunnel, basic_altar, uniq_sonja, uniq_gastronok
Lair:2:   portal_ice_cave_entry_ice_beasts, wad_woods_02, lemuel_fruit_fields
Lair:3:   kennysheep_abandoned_house
Lair:4:   spider_nest_entry_funnel_web, forest_entry_grove
Lair:5:   swamp_mist, beast_lair_carwin_7, lemuel_fruit_fields
Lair:6:   dpeg_slime_entry_corner
Lair:7:   st_stairs_13
Lair:8:   grunt_lair_end_beastmaster, basic_altar, infiniplex_staircase_pool,
          grunt_megastairs_3
Swamp:1:  evilmike_swamp_ruin_house_1
Swamp:2:  hangedman_swamp_ruin_wall
Swamp:3:  nicolae_swamp_fairy_circle, swamp_pool4, hangedman_swamp_pad,
          nicolae_swamp_snake_nest
Swamp:4:  swamp
Spider:1: nicolae_spider_nook
Spider:2: hangedman_spider_tarantella_strand, uniq_arachne
Spider:3: zaba_anthell
Spider:4: grunt_spider_rune_circles, uniq_nikola
Slime:1:  basic_altar, cheibrodos_slime_lost_civilization_5
Slime:2:  nicolae_slime_ancient_tower_intersection
Slime:3:  nicolae_slime_jelly_donut, dissolution_awaits
Orc:2:    grunt_orc_community_town_hall, grunt_orc_community_big_house_1,
          grunt_orc_community_big_house_1, grunt_orc_community_house_2,
          grunt_orc_community_house_3, grunt_orc_community_house_3,
          grunt_orc_community_house_2, grunt_orc_community_house_2,
          grunt_orc_community_house_2, enter_volcano_2
Elf:1:    minmay_elf_arrival_plus, basic_altar, minmay_elf_crystal_heptagon,
          uniq_roxanne
Elf:2:    serial_shops, nicolae_shop_statue_plus, guppyfry_elf_castle,
          lemuel_elevator
Elf:3:    minmay_elf_hall_x, serial_shops, shop, serial_sigils_hangedman_gut
Vaults:1: v_rooms_2, vaults_room_pool, nicolae_vaults_rhombus_5, v_misc_4,
          vaults_room_glass_cross, hangedman_vaults_variations, v_misc_30,
          nicolae_vaults_circle_grid_b, v_misc_28, vaults_room_pools,
          hangedman_vaults_maws, vaults_dpeg_hooks, serial_shops, shop_statue
Vaults:2: minmay_crypt_entry_simple_round, ontoclasm_vaults_ring_large,
          v_misc_10, grunt_vaults_bifocal, v_misc_18, nicolae_vaults_what_the_h,
          ontoclasm_vaults_decontamination, hangedman_vaults_restitches,
          nicolae_vaults_alarming, uniq_mennas
Vaults:3: vaults_mumra_chevron, kb_rosetta, nicolae_vaults_diagonal_hallway_8,
          vaults_room_large_hall, vaults_room_corners,
          hangedman_vaults_stitches, hangedman_vaults_maws, v_alt_pattern_6,
          v_misc_22, v_alt_pattern_4, serial_shops, shop, uniq_xtahua,
          uniq_mara, uniq_norris, uniq_saint_roka
Vaults:4: dpeg_vaults_monster_row, v_alt_pattern_3,
          nicolae_vaults_little_squares_4, nicolae_vaults_shelves_hall,
          vaults_room_fours, ontoclasm_vaults_fault, grunt_vaults_hallway_long,
          vaults_dpeg_encased_lava, nicolae_vaults_little_squares_6
Vaults:5: uniq_boris
Crypt:1:  basic_altar, hangedman_weighted_door, grunt_ministairs_12,
          nicolae_crypt_soggy_tomb, grunt_megastairs_4
Crypt:2:  moated_statue, st_shrine_of_skulls, uniq_jory, uniq_donald,
          uniq_boris, uniq_jorgrun, uniq_sojobo
Crypt:3:  due_elkab, nicolae_tomb_entry_grand_gallery, minivault_14,
          grunt_ministairs_6
Depths:1: grunt_hell_horde, nicolae_abyss_entry_one_way_or_another,
          infiniplex_enter_wizlab_water, grunt_pan_entry_zigzag,
          kennysheep_generic_room_6, uniq_asterion
Depths:2: mu_elemental_laboratory, enter_ziggurat_d, hangedman_geh_valley,
          cheibriados_altar_1, infiniplex_staircase_squiggle
Depths:3: minmay_distorted_concentric_squares, hellmouth_1,
          rand_demon_pan_entry_5, kennysheep_cross_bottleneck,
          abyss_entry_flame_altar
Depths:4: minmay_nine_rooms, hell_entry, special_room, abyss_entry,
          minmay_gold_behind_fungi
Depths:5: grunt_zot_entry_gee_three, hell_entry, pan_entry, grunt_ministairs_6
Zot:2:    kennysheep_spiral_hall, grunt_ministairs_3
Abyss:4:  hangedman_relentless_pull, hangedman_decor_peaks_small,
          bh_abyss_negative, grunt_abyss_rune_sword_and_sorcery
Lab:      nicolae_lab_t_cross, nicolae_lab_big_swirl, lab_fountain,
          nicolae_lab_flowing_pool, labyrinth_fake_exit, nicolae_lab_statue,
          nicolae_lab_stuck, nicolae_lab_checkerboard
Ossuary:  ossuary_kennysheep_city_of_the_dead
Bailey:   bailey_polearm_gnolls_kennysheep, bailey
IceCv:    ice_cave_caverns_01
Volcano:  volcano_village
WizLab:   wizlab_lehudib
